 Dungeon Crawl Stone Soup version bcrawl-1.31.4 (webtiles) character file.

Game seed: 12895700782326090555

376977 Morbidden the Martial Artist (level 10, -8/60 HPs)
             Began as a Mana Stalker Monk on May 28, 2021.
             Was an Elder of Wu Jian.
             Mangled by a komodo dragon (22 damage)
             ... on level 8 of the Dungeon.
             The game lasted 00:10:26 (6224 turns).

Morbidden the Martial Artist (Mana Stalker Monk)    Turns: 6224, Time: 00:10:27

Health: -8/60      AC:  7    Str: 13    XL:     10   Next: 42%
Magic:  0/19       EV: 17    Int: 13    God:    Wu Jian [****..]
Gold:   448        SH:  0    Dex: 18    Spells: 20/20 levels left

rFire    . . .     SeeInvis .     - Fists (14.4)
rCold    . . .     Gourm    .   (no shield)
rNeg     . . .     Faith    .   f - +0 troll leather armour
rPois    .         Spirit   +   b - +0 hat
rElec    .         Reflect  .   B - +0 cloak
rCorr    .         Harm     .   q - +0 pair of gloves
MR       ++...                  j - +0 pair of boots
Stlth    ++++......             c - amulet of guardian spirit
HPRegen  1.00/turn              (no ring)
MPRegen  0.16/turn              (no ring)

@: lightly drained
A: fangs 3, magic resistance 1, regeneration 1, antimagic bite, no potion heal
3, rot immunity, strong jaws
a: Wall Jump, Serpent's Lash, Heavenly Storm, Renounce Religion


You were on level 8 of the Dungeon.
You worshipped Wu Jian.
Wu Jian was greatly pleased with you.
You were hungry.

You visited 2 branches of the dungeon, and saw 9 of its levels.

You collected 448 gold pieces.

Inventory:

Missiles
 v - 156 poisoned tomahawks (quivered)
Armour
 b - a +0 hat (worn)
 f - a +0 troll leather armour (worn)
 j - a +0 pair of boots (worn)
 q - a +0 pair of gloves (worn)
 r - a +2 ring mail of cold resistance
 B - a +0 cloak (worn)
Jewellery
 c - an amulet of guardian spirit (around neck)
Scrolls
 d - 5 scrolls of remove curse
 h - 4 scrolls of teleportation
 i - 8 scrolls of identify
 k - 2 scrolls of blinking {unknown}
 m - a scroll of noise {unknown}
 n - 8 scrolls of enchant armour {unknown}
 p - 2 scrolls of fog {unknown}
 s - a scroll of fear {unknown}
 x - a scroll of immolation {unknown}
 A - 2 scrolls of magic mapping {unknown}
 D - 2 scrolls of amnesia {unknown}
 E - a scroll of silence {unknown}
Potions
 a - a potion of berserk rage {unknown}
 g - 2 potions of invisibility {unknown}
 l - 3 potions of agility {unknown}
 o - a potion of haste {unknown}
 t - a potion of lignification {unknown}
 u - a potion of curing {unknown}
 w - a potion of mutation {unknown}
 z - a potion of might {unknown}
 F - a potion of heal wounds {unknown}
Comestibles
 e - 6 rations {!d}
 C - 3 chunks of flesh


   Skills:
 * Level 5.6(5.4) Fighting
 + Level 0.7(0.5) Throwing
 + Level 3.0(2.8) Armour
 * Level 7.5(7.3) Dodging
 * Level 8.6(8.4) Stealth
 + Level 9.2(9.0) Unarmed Combat
 * Level 5.6(5.4) Spellcasting
   Level 2.0(1.8) Invocations


You had 20 spell levels left.
You didn't know any spells.
Your spell library was empty.

Dungeon Overview and Level Annotations

Branches:
Dungeon (8/12)             Temple (1/1) D:4
   Lair: D:7-9          Orc: D:8-11

Altars:
Ashenzari
Cheibriados
Dithmenos
Fedhas
Gozag
Hepliaklqana
Kikubaaqudgha
Lugonu
Makhleb
Nemelex Xobeh
Okawaru
Ru
Sif Muna
Trog
Wu Jian
Xom
Yredelemnul
Zin
The Shining One

Shops:
D:6 :(*((


Innate Abilities, Weirdness & Mutations

You have razor-sharp teeth.
You are resistant to hostile enchantments. (MR+)
Your natural rate of healing is unusually fast.
Your bite disrupts and absorbs the magic of your enemies.
Potions cannot restore your health.
You are immune to rotting.
Your bites deal extra damage.


Message History

The komodo dragon is moderately wounded.
The komodo dragon closely misses you. The komodo dragon bites you!!
* * * LOW HITPOINT WARNING * * *
You hear a bark!
No path to travel!
No path to travel!
Aiming: Wall Jump
Press: ? - help, Dir - move target cursor You repeatedly attack the komodo dragon from above.
You punch the komodo dragon! Your bite misses the komodo dragon.
The komodo dragon is heavily wounded.
You punch the komodo dragon!
The komodo dragon is heavily wounded.
You are feeling hungry.
You punch the komodo dragon!
The komodo dragon is almost dead.
The komodo dragon bites you!
* * * LOW HITPOINT WARNING * * *
The komodo dragon bites you!!
You die...

.o.T..........##......)#.....#
#############.##.#####)#.....#
.. #.# #.#...#.###. #### ###.#
#)#.))#..... ...#
#.#.######.#.#...#.#.#. ...#
#................#.#.## .....
#.#.######.#.##..#>#... .....
#.#.######.#.##..#.#### .....
#.#..h@l.# #.##..... ###..
#.#.####.# #.##.##.. . #.#..
#.# #.# .##..... ...... ..#
#.# .# .... .......### #. .#
### (.≈≈≈... ;..≈....##
≈h≈≈≈....#


You could see a komodo dragon and a hound.

Vanquished Creatures
  2 trolls (D:8)
  5 yaks
  Eustachio (D:5)
  A water moccasin (D:7)
  An ice beast (D:7)
  3 sky beasts
  A black bear (D:8)
  2 eyes of draining (D:6)
  2 orc warriors (D:6)
  A necrophage (D:6)
  3 ogres
  3 bullfrogs
  2 big kobolds (D:7)
  2 scorpions (D:5)
  9 wights
  2 howler monkeys
  2 crimson imps
  2 centaur zombies (D:5)
  A jelly (D:8)
  2 centaur skeletons
  4 iguanas
  5 orc priests
  Crazy Yiuf (D:5)
  4 hounds
  9 orc wizards
  3 worker ants
  A hound skeleton (D:6)
  A worker ant zombie (D:6)
  5 adders
  3 gnolls (D:7)
  A howler monkey skeleton (D:7)
  A shadow imp (D:5)
  An ooze (D:2)
  2 adder zombies
  An adder skeleton (D:5)
  3 worms
  2 dart slugs
  7 leopard geckos
  25 orcs
  3 ball pythons
  2 giant cockroaches (D:2)
  4 goblins
  4 hobgoblins
  2 jackals (D:3)
  2 quokkas
  7 bats
  6 frilled lizards
  22 kobolds
  2 quokka skeletons (D:4)
  3 rats
183 creatures vanquished.

Notes
Turn   | Place    | Note
-------+----------+-------------------------------------------
     0 | D:1      | Morbidden the Vine Stalker Monk began the quest for the
                  | Orb.
     0 | D:1      | Reached XP level 1. HP: 13/13 MP: 3/3
   356 | D:1      | Reached XP level 2. HP: 18/18 MP: 4/4
   740 | D:2      | Reached XP level 3. HP: 23/23 MP: 5/5
  1295 | D:2      | Reached skill level 1 in Spellcasting
  1596 | D:3      | Reached XP level 4. HP: 28/28 MP: 6/6
  2056 | D:4      | Reached XP level 5. HP: 26/32 MP: 5/8
  2099 | D:4      | Reached skill level 4 in Unarmed Combat
  2373 | D:4      | Gained mutation: You have razor-sharp teeth. [Vine Stalker
                  | growth]
  2373 | D:4      | Reached XP level 6. HP: 19/37 MP: 7/9
  2546 | D:4      | Found a staircase to the Ecumenical Temple.
  2639 | Temple   | Entered the Ecumenical Temple
  2736 | Temple   | Became a worshipper of the Wu Jian Council
  2736 | Temple   | Reached * piety under Wu Jian
  2736 | Temple   | Reached ** piety under Wu Jian
  3060 | D:5      | Entered Level 5 of the Dungeon
  3096 | D:5      | Noticed Eustachio
  3169 | D:5      | Reached skill level 5 in Unarmed Combat
  3169 | D:5      | Reached XP level 7. HP: 37/42 MP: 9/11
  3205 | D:5      | Reached skill level 1 in Armour
  3337 | D:5      | Killed Eustachio
  3338 | D:5      | Reached skill level 5 in Dodging
  3338 | D:5      | Reached skill level 5 in Stealth
  3518 | D:5      | Gained mutation: Your bite disrupts and absorbs the magic
                  | of your enemies. [Mana Stalker growth]
  3518 | D:5      | Gained mutation: You are resistant to hostile enchantments.
                  | (MR+) [Mana Stalker growth]
  3518 | D:5      | Reached XP level 8. HP: 28/48 MP: 7/13
  3596 | D:5      | Reached skill level 6 in Unarmed Combat
  3737 | D:5      | Found a runed door.
  3799 | D:5      | Found a burning altar of Makhleb.
  3869 | D:5      | Noticed Crazy Yiuf
  3874 | D:5      | Killed Crazy Yiuf
  4019 | D:6      | Found Empozxuq's Antique Weapon Emporium.
  4052 | D:6      | Found a bloodstained altar of Trog.
  4101 | D:6      | Found Ykkarus's Assorted Antiques.
  4227 | D:6      | Found Muliq's Antique Weapon Boutique.
  4264 | D:6      | Found Ciorixo's Book Shoppe.
  4355 | D:6      | HP: 2/48 [orc priest/divine providence (8)]
  4451 | D:6      | Reached *** piety under Wu Jian
  4452 | D:6      | Reached skill level 7 in Unarmed Combat
  4452 | D:6      | Reached XP level 9. HP: 27/52 MP: 11/15
  4783 | D:6      | Found Awnahiro's Antique Weapon Shoppe.
  4847 | D:6      | Found a corrupted altar of Lugonu.
  4934 | D:6      | Reached skill level 5 in Fighting
  5035 | D:7      | Found a shadowy altar of Dithmenos.
  5121 | D:7      | Reached skill level 8 in Unarmed Combat
  5636 | D:7      | Reached skill level 5 in Spellcasting
  5654 | D:7      | Reached XP level 10. HP: 21/59 MP: 13/18
  5722 | D:7      | Reached **** piety under Wu Jian
  6073 | D:8      | Reached skill level 9 in Unarmed Combat
  6224 | D:8      | Mangled by a komodo dragon

Skill      XL: |  1  2  3  4  5  6  7  8  9 10 |
---------------+-------------------------------+-----
Fighting       | 3 4 5 |  5.6
Spellcasting   | 1 2 3 5 |  5.6
Dodging        | 4 5 6 7 |  7.5
Unarmed Combat | 4 5 7 8 9 |  9.2
Stealth        | 4 5 6 8 |  8.6
Armour         | 1 2 3 |  3.0
Throwing       | |  0.7
Invocations    | |  2.0

Action                   |  1- 3 |  4- 6 |  7- 9 | 10-12 || total
-------------------------+-------+-------+-------+-------++-------
Melee: Unarmed           |   129 |   185 |   421 |   128 ||   863
       Bite              |    21 |    25 |   140 |    43 ||   229
       Punch             |     1 |     2 |    21 |     3 ||    27
Throw: Tomahawk          |       |     4 |     5 |     4 ||    13
Invok: Whirlwind         |       |     2 |    44 |       ||    46
       Lunge             |       |     2 |    30 |     8 ||    40
 Abil: Wall Jump         |       |       |     7 |     2 ||     9
  Use: Scroll            |       |       |     2 |       ||     2
 Stab: Sleeping          |    10 |     3 |     6 |     6 ||    25
       Distracted        |       |       |     3 |       ||     3
  Eat: Chunk             |     5 |     8 |    20 |     5 ||    38
Armor: Robe              |    12 |    17 |       |       ||    29
       Ring mail         |       |    18 |    44 |       ||    62
       Leather armour    |       |       |    55 |    20 ||    75
       Troll leather arm |       |       |       |     8 ||     8
Dodge: Dodged            |    95 |    96 |   225 |    82 ||   498
